 Dungeon Crawl Stone Soup version 0.21.1-1-g345015f (webtiles) character file.

150 Fang the Skirmisher (level 5, -9/34 HPs)
             Began as a Gargoyle Berserker on July 28, 2018.
             Was a Believer of Trog.
             Mangled by coconutsonar's ghost (14 damage)
             ... on level 3 of the Dungeon.
             The game lasted 00:03:10 (3286 turns).

Fang the Skirmisher (Gargoyle Berserker)            Turns: 3286, Time: 00:03:11

Health: -9/34      AC:  8    Str: 21    XL:     5   Next: 32%
Magic:  0/5        EV: 12    Int:  8    God:    Trog [**....]
Gold:   90         SH:  0    Dex:  9    Spells: 4/4 levels left

rFire    . . .     SeeInvis .   a - +0 hand axe
rCold    . . .     Gourm    .   (no shield)
rNeg     + . .     Faith    .   b - +0 animal skin
rPois    ∞         Spirit   +   (no helmet)
rElec    +         Reflect  .   (no cloak)
rCorr    .         Harm     .   o - +1 pair of gloves {archery}
MR       +....                  (no boots)
Stlth    +.........             l - amulet of guardian spirit
HPRegen  0.11/turn              g - ring of protection from magic
MPRegen  0.09/turn              (no ring)

@: berserk cooldown, slowed, very slow
A: negative energy resistance 1, electricity resistance, unbreathing,
petrification resistance, rot immunity, AC +4
a: Berserk, Trog's Hand, Burn Spellbooks, Renounce Religion


You were on level 3 of the Dungeon.
You worshipped Trog.
Trog was pleased with you.
You were very hungry.

You visited 1 branch of the dungeon, and saw 3 of its levels.

You collected 90 gold pieces.

Inventory:

Hand Weapons
 a - a +0 hand axe (weapon)
Armour
 b - a +0 animal skin (worn)
 o - a +1 pair of gloves of archery (worn)
Jewellery
 g - a ring of protection from magic (left hand)
 l - an amulet of guardian spirit (around neck)
Scrolls
 d - 2 scrolls of fear {unknown}
 e - 3 scrolls of identify {unknown}
 h - a scroll of magic mapping {unknown}
 j - a scroll of blinking {unknown}
 n - a scroll of noise {unknown}
Potions
 f - a potion of lignification {unknown}
 i - a potion of curing {unknown}
 k - a potion of brilliance {unknown}
 m - 2 potions of mutation {unknown}
Comestibles
 c - 2 rations


   Skills:
 + Level 4.5 Fighting
 + Level 3.6 Axes
 + Level 2.4 Armour
 + Level 2.6 Dodging
 + Level 0.8 Stealth


You had 4 spell levels left.
You didn't know any spells.

Dungeon Overview and Level Annotations

Branches:
Dungeon (3/15)

Altars:
Elyvilon
Qazlal

Annotations:
D:3 coconutsonar's ghost, amateur GrAK


Innate Abilities, Weirdness & Mutations

You are resistant to torment.
Your stone body is resilient. (AC +4)
You are immune to poison.
You resist negative energy. (rN+)
You are resistant to electric shocks. (rElec)
You can survive without breathing.
You are immune to petrification.
You are immune to rotting.


Message History

Coconutsonar's ghost hits you!
Coconutsonar's ghost hits you but does no damage.
You are too injured to fight recklessly!
You are too injured to fight recklessly!
You are too injured to fight recklessly!
You are too injured to fight recklessly!
You are too injured to fight recklessly!
You are too injured to fight recklessly!
You are too injured to fight recklessly!
You are too injured to fight recklessly!
You are too injured to fight recklessly!
You are too injured to fight recklessly!
You are too injured to fight recklessly!
You hit coconutsonar's ghost but do no damage.
Coconutsonar's ghost is almost destroyed.
Coconutsonar's ghost hits you but does no damage.
Coconutsonar's ghost hits you!
* * * LOW HITPOINT WARNING * * *
Coconutsonar's ghost hits you!
You die...

#................# ##
############..##.# .#
#..).#.####### ..#
#####.#.#.......# ...
..........#####.# ....
.####.#.#.##....####....
.....>.r)...............
#####.....##.#####......
#.W@#....# #+#....
#.#.#.#### .... ###.#.#
.o. #.#.# ... #...# ..
##### ..


You could see coconutsonar's ghost and a quokka.

Vanquished Creatures
  An orc priest (D:2)
  Robin (D:2)
  4 adders (D:2)
  2 oozes (D:2)
  A worm (D:2)
  2 dart slugs (D:1)
  2 orcs (D:2)
  7 bats
  4 giant cockroaches (D:2)
  13 goblins
  5 hobgoblins
  4 jackals (D:1)
  3 kobolds
  A ball python (D:1)
  A frilled lizard (D:1)
  3 rats (D:1)
54 creatures vanquished.

Notes
Turn   | Place    | Note
-------+----------+-------------------------------------------
     0 | D:1      | Fang the Gargoyle Berserker began the quest for the Orb.
     0 | D:1      | Reached XP level 1. HP: 14/14 MP: 1/1
   264 | D:1      | Reached XP level 2. HP: 15/19 MP: 2/2
   893 | D:1      | Reached XP level 3. HP: 16/24 MP: 3/3
  1047 | D:1      | Reached skill level 4 in Fighting
  1075 | D:2      | Found a stormy altar of Qazlal.
  1525 | D:2      | Reached XP level 4. HP: 12/29 MP: 4/4
  1783 | D:2      | Found a white marble altar of Elyvilon.
  1903 | D:2      | Reached ** piety under Trog
  1997 | D:2      | Noticed Robin
  2017 | D:2      | Killed Robin
  2615 | D:3      | Noticed coconutsonar's ghost (amateur GrAK)
  2644 | D:2      | Reached XP level 5. HP: 17/34 MP: 1/5
  3286 | D:3      | Mangled by coconutsonar's ghost

Skill      XL: |  1  2  3 |
---------------+----------+-----
Axes           | 3 |  3.6
Fighting       | 4 |  4.5
Dodging        | 2 |  2.6
Armour         | |  2.4
Stealth        | |  0.8

Action                   |  1- 3 |  4- 6 || total
-------------------------+-------+-------++-------
Melee: Hand axe          |   144 |   113 ||   257
Invok: Berserk           |     1 |     3 ||     4
  Eat: Chunk             |     1 |     6 ||     7
       Ration            |       |     1 ||     1
Armor: Animal skin       |    55 |    55 ||   110
Dodge: Dodged            |   108 |    75 ||   183
